 Dungeon Crawl Stone Soup version 0.22.1-2-g9c5b331 (webtiles) character file.

4719 YoungScudz the Cleaver (level 10, -1/90 HPs)
             Began as a Minotaur Berserker on Dec 27, 2018.
             Was an Elder of Trog.
             Killed from afar by an electric eel (9 damage)
             ... with a bolt of electricity
             ... on level 8 of the Dungeon.
             The game lasted 00:54:28 (8259 turns).

YoungScudz the Cleaver (Minotaur Berserker)         Turns: 8259, Time: 00:54:29

Health: -1/90      AC: 14    Str: 26    XL:     10   Next: 22%
Magic:  9/9        EV:  8    Int:  2    God:    Trog [****..]
Gold:   278        SH: 11    Dex:  9    Spells: 9/9 levels left

rFire    + . .     SeeInvis +   a - +1 hand axe
rCold    + + .     Gourm    .   y - +0 shield
rNeg     . . .     Faith    .   I - +1 chain mail {MR+}
rPois    .         Spirit   .   (helmet restricted)
rElec    .         Reflect  .   r - scarf {rC+ rF+}
rCorr    .         Harm     .   n - +1 pair of gloves
MR       ++...                  (no boots)
Stlth    ..........             s - amulet of regeneration
HPRegen  0.65/turn              f - ring of see invisible
MPRegen  0.11/turn              o - ring of protection from magic

@: no status effects
A: retaliatory headbutt, horns 2, cold resistance 1, dopey 1
a: Berserk, Trog's Hand, Brothers in Arms, Renounce Religion


You were on level 8 of the Dungeon.
You worshipped Trog.
Trog was greatly pleased with you.
You were not hungry.

You visited 1 branch of the dungeon, and saw 8 of its levels.

You collected 374 gold pieces.
You spent 96 gold pieces at shops.

Inventory:

Hand Weapons
 a - a +1 hand axe (weapon)
 H - a +0 battleaxe
Missiles
 h - 243 stones (quivered)
Armour
 e - the cursed +0 pair of gloves of Autumn {+Inv MP+9 Int-3}
   (You found it on level 7 of the Dungeon)

   It affects your intelligence (-3).
   It affects your magic capacity (+9).
   It lets you turn invisible.
   It has a curse placed upon it.
 n - a +1 pair of gloves (worn)
 r - a scarf of resistance (worn)
 y - a +0 shield (worn)
 A - a +1 scale mail
 E - a +1 chain mail
 F - a +0 pair of boots
 I - a +1 chain mail of magic resistance (worn)
Jewellery
 f - a ring of see invisible (left hand)
 g - an uncursed ring of poison resistance {unknown}
 o - a ring of protection from magic (right hand)
 s - an amulet of regeneration (around neck)
 v - an uncursed ring of fire
Wands
 G - a wand of iceblast (7)
Scrolls
 d - 2 scrolls of blinking
 i - 2 scrolls of random uselessness
 k - 4 scrolls of teleportation
 m - a scroll of noise {unknown}
 w - 2 scrolls of remove curse
 B - a scroll of torment {unknown}
 C - a scroll of magic mapping {unknown}
 J - a scroll of identify
Potions
 b - a potion of might
 l - 2 potions of brilliance
 p - a potion of haste {unknown}
 q - a potion of invisibility
 t - a potion of ambrosia {unknown}
 u - 2 potions of heal wounds
 x - 2 potions of flight
 z - 4 potions of curing
 D - 2 potions of lignification {unknown}
Comestibles
 c - 14 rations
 j - 3 chunks of flesh


   Skills:
 + Level 8.9 Fighting
 * Level 11.7 Axes
 + Level 8.5 Armour
 - Level 3.8 Dodging
 + Level 7.0 Shields


You had 9 spell levels left.
You didn't know any spells.
Your spell library was empty.

Dungeon Overview and Level Annotations

Branches:
Dungeon (8/15)             Temple (0/1) D:5
   Lair: D:8-11

Altars:
Dithmenos
Gozag
Hepliaklqana
Kikubaaqudgha
Makhleb
Nemelex Xobeh
Okawaru
Qazlal
Wu Jian
Zin
The Shining One

Shops:
D:6 !


Innate Abilities, Weirdness & Mutations

You reflexively headbutt those who attack you in melee.
You have a pair of horns on your head.
Your flesh is cold resistant. (rC+)
You are dopey. (Int -2)


Message History

The electric eel shoots out a bolt of lightning at you!
The bolt of electricity misses you.
The electric eel shoots out a bolt of lightning at you!
The bolt of electricity hits you!
The bolt of electricity hits the plant. x2
The electric eel shoots out a bolt of lightning at you!
The bolt of electricity hits you!
The electric eel shoots out a bolt of lightning at you!
The bolt of electricity hits you!
The electric eel shoots out a bolt of lightning at you!
The bolt of electricity hits you!
* * * LOW HITPOINT WARNING * * *
The electric eel shoots out a bolt of lightning at you!
The bolt of electricity hits you!
* * * LOW HITPOINT WARNING * * *
The electric eel shoots out a bolt of lightning at you!
The bolt of electricity hits you!
* * * LOW HITPOINT WARNING * * *
The electric eel shoots out a bolt of lightning at you!
The bolt of electricity hits you!
You die...

...≈≈≈≈≈≈≈≈.....
.....8..........≈≈≈≈≈≈≈P.PP.
................≈≈≈≈≈≈≈.....
..............≈≈≈≈≈≈≈≈....P.
......≈≈≈≈≈o≈≈≈≈≈≈≈≈≈≈......
....≈≈≈≈≈≈≈≈;≈≈≈≈≈≈≈..P....♣
≈.≈≈≈≈≈≈≈≈≈≈≈≈≈≈≈≈....♣♣♣♣♣♣
≈≈≈≈;≈≈≈≈≈≈≈≈≈≈≈≈≈...♣♣ ♣♣
≈≈≈≈;≈≈≈≈..@.......♣♣♣ ♣.
≈≈≈≈≈≈≈...........♣♣ ♣.
≈≈≈≈≈≈PP...P..♣♣..♣ ♣♣.
≈≈≈≈≈.P♣♣.P♣♣♣♣♣..♣ ♣.♣
≈≈≈≈..P ♣♣♣♣ ♣...♣ ♣.P
≈≈≈...♣ ♣...# ♣♣♣.. ≈≈####
♣...# ###...# ≈≈ #.#..#
#...### ####..##.###


You could see 3 electric eels and an orc wizard.

Vanquished Creatures
  Pikel (D:7)
  Joseph (D:7)
  A wyvern (D:7)
  A yak (D:7)
  3 hogs
  Menkaure (D:6)
  An orc warrior (D:8)
  2 phantoms
  2 ice beasts (D:6)
  2 slaves (D:7)
  2 sky beasts
  A centaur (D:7)
  An ogre (D:7)
  12 bullfrogs
  A scorpion (D:8)
  An electric eel (D:8)
  5 crimson imps
  2 hounds
  3 jellies
  2 bullfrog skeletons (D:6)
  A gnoll shaman (D:6)
  4 orc priests (D:8)
  5 orc wizards
  An iguana (D:7)
  5 worker ants
  A howler monkey zombie (D:6)
  9 gnolls
  3 adders (D:5)
  2 shadow imps
  3 white imps (D:6)
  An ooze (D:4)
  A worm (D:3)
  2 dart slugs
  6 leopard geckos
  18 orcs
  A ball python (D:1)
  12 bats
  4 giant cockroaches
  12 goblins
  6 hobgoblins
  15 jackals
  A quokka (D:2)
  A frilled lizard (D:1)
  10 kobolds
  A leopard gecko simulacrum (D:6)
  A quokka skeleton (D:5)
  4 rats
175 creatures vanquished.

Vanquished Creatures (collateral kills)
  The ghost of rhinious the Digger, a novice GrEE (D:6)
  An ice beast (D:6)
2 creatures vanquished.

Vanquished Creatures (others)
  A slave (D:8)
  A centaur (D:7)
  2 orcs (D:8)
4 creatures vanquished.

Grand Total: 181 creatures vanquished

Notes
Turn   | Place    | Note
-------+----------+-------------------------------------------
     0 | D:1      | YoungScudz the Minotaur Berserker began the quest for the
                  | Orb.
     0 | D:1      | Reached XP level 1. HP: 19/19 MP: 0/0
    70 | D:1      | Reached XP level 2. HP: 27/27 MP: 1/1
   204 | D:1      | Reached skill level 4 in Axes
   352 | D:1      | Reached ** piety under Trog
   510 | D:1      | Reached XP level 3. HP: 33/33 MP: 2/2
   651 | D:2      | Found an ornate altar of the Wu Jian Council.
  1264 | D:2      | Found a stormy altar of Qazlal.
  1265 | D:2      | Found a hazy altar of Hepliaklqana.
  1460 | D:2      | Found a glowing golden altar of the Shining One.
  1689 | D:3      | Found an opulent altar of Gozag.
  1758 | D:3      | Reached XP level 4. HP: 38/41 MP: 3/3
  1775 | D:3      | Found a sparkling altar of Nemelex Xobeh.
  1807 | D:3      | Found an ancient bone altar of Kikubaaqudgha.
  2232 | D:3      | Found an iron altar of Okawaru.
  2320 | D:3      | Reached skill level 5 in Axes
  2437 | D:3      | Noticed a bullfrog
  2451 | D:3      | Killed a bullfrog
  2451 | D:3      | Reached XP level 5. HP: 6/47 MP: 4/4
  2798 | D:3      | Reached *** piety under Trog
  3156 | D:4      | Noticed a phantom
  3213 | D:4      | Killed a phantom
  3213 | D:4      | Reached skill level 5 in Fighting
  3213 | D:4      | Reached XP level 6. HP: 17/56 MP: 5/5
  3505 | D:4      | Reached skill level 6 in Axes
  3933 | D:5      | Entered Level 5 of the Dungeon
  3997 | D:5      | Reached skill level 1 in Shields
  4086 | D:5      | Found a shadowy altar of Dithmenos.
  4176 | D:5      | Found a staircase to the Ecumenical Temple.
  4255 | D:5      | Reached XP level 7. HP: 23/61 MP: 6/6
  4797 | D:5      | Found a burning altar of Makhleb.
  4900 | D:5      | Reached skill level 7 in Axes
  4915 | D:5      | Reached skill level 5 in Armour
  5302 | D:6      | Found a runed gate.
  5303 | D:6      | Found a runed gate.
  5303 | D:6      | Found Yhiemek's Distillery.
  5303 | D:6      | Found a runed gate.
  5309 | D:6      | Bought a potion of curing for 36 gold pieces
  5309 | D:6      | Bought a potion of heal wounds for 60 gold pieces
  5311 | D:6      | Gained mutation: You are dopey. (Int -2) [potion of
                  | mutation]
  5311 | D:6      | Gained mutation: Your flesh is cold resistant. (rC+)
                  | [potion of mutation]
  5418 | D:6      | Reached **** piety under Trog
  5469 | D:6      | Noticed rhinious's ghost (novice GrEE)
  5582 | D:6      | Reached XP level 8. HP: 70/70 MP: 7/7
  5656 | D:6      | Noticed Menkaure
  5670 | D:6      | Killed Menkaure
  5670 | D:6      | Reached skill level 8 in Axes
  5723 | D:6      | Found a glowing silver altar of Zin.
  6093 | D:6      | Killed rhinious's ghost
  6093 | D:6      | Reached skill level 9 in Axes
  6215 | D:7      | Noticed Joseph
  6424 | D:7      | Reached XP level 9. HP: 78/79 MP: 8/8
  6480 | D:7      | Got a pair of slimy gloves
  6481 | D:7      | Identified the cursed +0 pair of gloves of Autumn {+Inv
                  | MP+9 Int-3} (You found it on level 7 of the Dungeon)
  6589 | D:7      | Killed Joseph
  6589 | D:7      | Reached skill level 5 in Shields
  6618 | D:7      | Reached skill level 10 in Axes
  7080 | D:7      | Noticed Pikel
  7101 | D:7      | Killed Pikel
  7417 | D:8      | Reached skill level 11 in Axes
  7673 | D:8      | Reached XP level 10. HP: 73/90 MP: 9/9
  8259 | D:8      | Killed from afar by an electric eel

Skill      XL: |  1  2  3  4  5  6  7  8  9 10 |
---------------+-------------------------------+-----
Axes           | 4 5 6 7 9 11 | 11.7
Fighting       | 4 5 6 7 8 |  8.9
Armour         | 3 4 5 6 8 |  8.5
Dodging        | 3 |  3.8
Shields        | 1 3 4 6 7 |  7.0

Action                   |  1- 3 |  4- 6 |  7- 9 | 10-12 || total
-------------------------+-------+-------+-------+-------++-------
Melee: Hand axe          |    94 |   133 |   339 |    69 ||   635
       Headbutt          |    13 |    22 |    78 |    17 ||   130
Throw: Stone             |     2 |     9 |     1 |       ||    12
Invok: Berserk           |     1 |     2 |     4 |       ||     7
       Brothers in Arms  |       |       |     1 |       ||     1
  Use: Scroll            |       |    11 |     6 |       ||    17
       Potion            |       |       |     4 |       ||     4
  Eat: Chunk             |     4 |     8 |    10 |     1 ||    23
       Ration            |       |       |     2 |       ||     2
Armor: Animal skin       |    29 |     9 |       |       ||    38
       Scale mail        |       |    11 |    47 |       ||    58
       Chain mail        |       |       |    54 |    20 ||    74
Dodge: Dodged            |    45 |    68 |    73 |    22 ||   208
Block: Buckler           |       |     5 |       |       ||     5
       Shield            |       |    12 |   138 |    33 ||   183
